General information
- name: BNet
- type: Ladder team game (AT/RT)
- host: Battle.net
- saver: TALONSAREIMBA
map: TwistedMeadows
- players: 4
- length: 31:19
- speed: Fast
- version: 1.22 W3XP
- replay type: Public
» download(177 KB)
Players
team 1 (winner)
TALONSAREIMBA (
yellow | 112 APM | 3521 actions | 31:19)
5 Death Knight
3 Death Coil
2 Unholy Aura
5 Lich
3 Frost Nova
2 Dark Ritual
4 Crypt Lord
2 Impale
2 Spiked Carapace
» actions
| Assign group hotkey | 51 | |
| Basic commands | 359 | |
| Build / train | 75 | |
| Enter build submenu | 16 | |
| Enter hero's abilities submenu | 15 | |
| Give item / drop item | 3 | |
| Remove unit from queue | 2 | |
| Right click | 1474 | |
| Select / deselect | 718 | |
| Select group hotkey | 643 | |
| Use ability | 164 | |
3521 total
» units
| Acolyte | 2 | |
| Ghoul | 11 | |
| Crypt Fiend | 8 | |
| Obsidian Statue | 8 | |
| Abomination | 5 | |
34 total
» upgrades
| Web | 1 | |
| Destroyer Form | 1 | |
| Burrow | 1 | |
| Creature Attack | 1 | |
| Disease Cloud | 1 | |
| Creature Carapace | 2 | |
7 total
» buildings
| Crypt | 1 | |
| Graveyard | 1 | |
| Altar of Darkness | 1 | |
| Ziggurat | 6 | |
| Tomb of Relics | 1 | |
| Halls of the Dead | 1 | |
| Slaughterhouse | 1 | |
| Black Citadel | 1 | |
| Spirit Tower | 1 | |
| Sacrificial Pit | 1 | |
| Necropolis | 2 | |
17 total
» build order
00:06 Crypt
00:19 Graveyard
00:42 Altar of Darkness
00:58 Ziggurat
01:24 Tomb of Relics
02:01 Ziggurat
04:13 Halls of the Dead
05:17 Ziggurat
06:47 Slaughterhouse
06:48 Black Citadel
07:09 Spirit Tower
07:42 Ziggurat
10:46 Ziggurat
12:17 Ziggurat
20:51 Sacrificial Pit
22:13 Necropolis
23:05 Necropolis
» items
| Rod of Necromancy | 2 | |
| Orb of Corruption | 1 | |
| Potion of Healing | 3 | |
| Potion of Mana | 1 | |
| Scroll of Town Portal | 4 | |
| Scroll of Healing | 1 | |
12 total
TIMG4STRok (
green | 88 APM | 2741 actions | 31:18)
3 Blademaster
2 Wind Walk
1 Critical Strike
» actions
| Assign group hotkey | 10 | |
| Basic commands | 69 | |
| Build / train | 32 | |
| ESC pressed | 9 | |
| Enter build submenu | 19 | |
| Enter hero's abilities submenu | 3 | |
| Right click | 1642 | |
| Select / deselect | 290 | |
| Select group hotkey | 581 | |
| Use ability | 86 | |
2741 total
» units
» upgrades
» buildings
| Altar of Storms | 2 | |
| Orc Burrow | 5 | |
| Barracks | 1 | |
| Voodoo Lounge | 2 | |
| War Mill | 1 | |
| Watch Tower | 6 | |
| Great Hall | 2 | |
19 total
» build order
00:02 Altar of Storms
00:22 Orc Burrow
00:45 Barracks
01:31 Orc Burrow
02:15 Voodoo Lounge
03:36 War Mill
03:42 Voodoo Lounge
03:50 Orc Burrow
04:59 Watch Tower
04:59 Watch Tower
05:26 Watch Tower
05:32 Watch Tower
05:33 Watch Tower
06:50 Watch Tower
12:29 Altar of Storms
12:31 Orc Burrow
14:14 Orc Burrow
19:00 Great Hall
21:50 Great Hall
» items
team 2 (loser)
IHaveSteelBalls (
orange | 77 APM | 2415 actions | 31:17)
4 Firelord
2 Summon Lava Spawn
2 Soul Burn
4 Mountain King
2 Storm Bolt
2 Bash
» actions
| Assign group hotkey | 37 | |
| Basic commands | 3 | |
| Build / train | 63 | |
| ESC pressed | 4 | |
| Enter build submenu | 21 | |
| Enter hero's abilities submenu | 8 | |
| Give item / drop item | 3 | |
| Right click | 998 | |
| Select / deselect | 362 | |
| Select group hotkey | 817 | |
| Use ability | 99 | |
2415 total
» units
» upgrades
» buildings
| Farm | 4 | |
| Barracks | 1 | |
| Altar of Kings | 1 | |
| Scout Tower | 9 | |
| Arcane Tower | 1 | |
| Lumber Mill | 1 | |
| Guard Tower | 6 | |
| Keep | 1 | |
| Blacksmith | 1 | |
| Arcane Vault | 1 | |
26 total
» build order
00:19 Farm
00:20 Barracks
00:50 Farm
01:24 Altar of Kings
02:13 Scout Tower
02:29 Farm
03:03 Arcane Tower
03:08 Farm
04:06 Lumber Mill
07:03 Scout Tower
07:05 Scout Tower
07:31 Scout Tower
07:32 Guard Tower
07:33 Guard Tower
07:35 Keep
07:45 Blacksmith
08:27 Guard Tower
08:56 Scout Tower
08:59 Scout Tower
09:37 Guard Tower
10:36 Scout Tower
10:37 Scout Tower
10:38 Scout Tower
10:57 Arcane Vault
11:15 Guard Tower
11:18 Guard Tower
» items
| Periapt of Vitality | 1 | |
| Boots of Speed | 1 | |
| Staff of Teleportation | 1 | |
| Lesser Clarity Potion | 3 | |
| Scroll of Regeneration | 2 | |
| Potion of Lesser Invulnerability | 1 | |
| Potion of Invisibility | 1 | |
10 total
silly-billy (
red | 89 APM | 2782 actions | 31:12)
4 Firelord
2 Summon Lava Spawn
2 Incinerate
» actions
| Assign group hotkey | 80 | |
| Basic commands | 182 | |
| Build / train | 64 | |
| ESC pressed | 4 | |
| Enter build submenu | 45 | |
| Enter hero's abilities submenu | 4 | |
| Give item / drop item | 2 | |
| Remove unit from queue | 2 | |
| Right click | 1191 | |
| Select / deselect | 547 | |
| Select group hotkey | 555 | |
| Use ability | 106 | |
2782 total
» units
| Peasant | 12 | |
| Rifleman | 11 | |
| Priest | 2 | |
25 total
» upgrades
| Masonry | 1 | |
| Gunpowder | 1 | |
| Armor | 1 | |
| Priest Training | 1 | |
4 total
» buildings
| Lumber Mill | 1 | |
| Farm | 11 | |
| Altar of Kings | 2 | |
| Scout Tower | 21 | |
| Guard Tower | 13 | |
| Arcane Tower | 3 | |
| Arcane Vault | 2 | |
| Town Hall | 1 | |
| Barracks | 2 | |
| Blacksmith | 1 | |
| Keep | 1 | |
| Arcane Sanctum | 2 | |
60 total
» build order
00:18 Lumber Mill
00:34 Farm
01:05 Altar of Kings
01:50 Scout Tower
01:52 Scout Tower
01:55 Scout Tower
02:07 Scout Tower
02:21 Guard Tower
02:21 Guard Tower
02:22 Arcane Tower
02:35 Scout Tower
02:38 Scout Tower
02:38 Scout Tower
02:47 Arcane Tower
02:50 Farm
03:10 Guard Tower
03:10 Guard Tower
03:37 Scout Tower
03:38 Scout Tower
03:39 Scout Tower
03:48 Scout Tower
04:09 Guard Tower
04:09 Guard Tower
04:10 Scout Tower
04:14 Scout Tower
04:29 Scout Tower
04:33 Scout Tower
04:35 Guard Tower
04:40 Guard Tower
04:57 Guard Tower
05:00 Guard Tower
05:10 Arcane Vault
05:38 Scout Tower
05:42 Scout Tower
06:06 Guard Tower
07:02 Town Hall
07:06 Scout Tower
07:42 Arcane Tower
07:44 Guard Tower
08:53 Barracks
08:56 Blacksmith
09:47 Barracks
09:50 Farm
09:51 Farm
11:01 Keep
11:47 Arcane Vault
11:54 Farm
11:54 Farm
14:15 Scout Tower
14:17 Scout Tower
14:19 Scout Tower
15:12 Farm
15:13 Farm
15:15 Guard Tower
16:42 Arcane Sanctum
16:42 Arcane Sanctum
20:03 Altar of Kings
22:18 Farm
22:19 Farm
» items
| Scroll of Regeneration | 4 | |
| Scroll of Town Portal | 4 | |
| Scroll of Healing | 1 | |
9 total
Chat log
(30:12 / All) silly-billy: gg talons.
(30:14 / All) TALONSAREIMBA: lol
(30:15 / All) silly-billy: what clan u in?
(30:20 / All) TALONSAREIMBA: towa
(30:21 / All) TIMG4STRok: clan uninstall please you suck
(30:25 / All) silly-billy: lol
(30:27 / All) TALONSAREIMBA: highper.ch
(30:28 / All) silly-billy: gg talons.
(30:34 / All) TIMG4STRok: http://highper.ch
(30:34 / All) silly-billy: i know what clan towa is.
(30:38 / All) silly-billy: im danny calderons friend
(30:41 / All) silly-billy: i know you from somewhere.
(31:11 / All) silly-billy: GG
(31:17 / All) IHaveSteelBalls: gg